Map: Dusk Towers

Players

Fropez - Winner!

  • Race: Protoss Protoss
  • League: Silver
  • Spawn Location: 1:00

Furrow

  • Race: Protoss Protoss
  • Spawn Location: 7:00

VOD

Have the link to the VOD?

Description

Time

  • Played on: May 17, 2016, 2:31 p.m.
  • Length: 4:09
Show
View Real Time Build Order
Export as new Build Order

Fropez Protoss - Winner!

Build Orders:  

Get SALT Encoding   

  12  0:11  Pylon  
  12  0:17  Probe (Chrono Boost)  
  13  0:30  Gateway  
  13  0:37  Assimilator  
  13  0:40  Probe (Chrono Boost)  
  14  0:51  Probe (Chrono Boost)  
  15  1:01  Probe (Chrono Boost)  
  16  1:06  Pylon  
  16  1:12  Probe (Chrono Boost)  
  17  1:18  Cybernetics Core  
  17  1:22  Probe (Chrono Boost)  
  20  1:48  Assimilator  
  20  1:54  Mothership Core (Chrono Boost)  
  19  2:14  Probe (Chrono Boost)  
  20  2:25  Probe (Chrono Boost)  
  21  2:46  Probe  
  21  2:48  Nexus  
  21  2:51  Assimilator  
  22  3:00  Gateway  
  22  3:12  Adept  
  24  3:14  Pylon  
  24  3:15  Probe  
  25  3:34  Pylon, Probe  
  25  3:39  Adept  
  29  3:48  Probe  
Show
View Real Time Build Order
Export as new Build Order

Furrow Protoss 

Build Orders: 1 Gate Expand 

Get SALT Encoding   

  12  0:01  Probe (Chrono Boost)  
  13  0:11  Probe (Chrono Boost)  
  14  0:21  Pylon  
  14  0:25  Probe (Chrono Boost)  
  15  0:40  Probe (Chrono Boost)  
  16  0:48  Gateway  
  16  0:52  Probe (Chrono Boost)  
  17  1:12  Nexus  
  17  1:16  Probe (Chrono Boost)  
  18  1:26  Probe (Chrono Boost)  
  19  1:37  Zealot  
  21  1:41  Gateway  
  21  2:06  Zealot  
  23  2:13  Pylon  
  23  2:20  Cybernetics Core  
  23  2:22  Pylon  
  23  2:38  Zealot x2  
  26  2:44  Forge  
  26  2:48  Probe (Chrono Boost)  
  26  2:49  Assimilator  
  27  2:53  Probe (Chrono Boost)  
  27  2:54  Assimilator  
  28  2:59  Probe (Chrono Boost)  
  28  3:03  Probe (Chrono Boost)  
  30  3:09  Probe (Chrono Boost)  
  31  3:17  Probe (Chrono Boost)  
Tags
 
League
Silver
Matchup
PvP
Replay Pack
All Mines
Spawn Locations
Cross Positions
Add a new tag
Caveats
  • Supply blocks, unpowered buildings, or Contaminate may cause inaccurate times.
  • Supply counts are checked every 10 seconds.